 Dungeon Crawl Stone Soup version 0.29-a0-371-g91724d5b39 (webtiles) character file.

Game seed: 2457151216702401759

105 sokol815 the Stinger (level 4, 0/40 HPs)
             Began as an Octopode Venom Mage on May 3, 2022.
             Succumbed to an orc's poison
             ... on level 4 of the Dungeon.
             The game lasted 00:05:06 (2596 turns).

sokol815 the Stinger (Octopode Venom Mage)          Turns: 2596, Time: 00:05:07

Health: 0/40       AC: 22    Str:  7    XL:     4   Next: 83%
Magic:  4/8        EV:  2    Int: 19    God:
Gold:   42         SH:  0    Dex: 12    Spells: 5/9 levels left

rFire   . . .      SeeInvis .   a - +0 hand axe
rCold   . . .      Faith    .   (no shield)
rNeg    . . .      Spirit   .   (helmet currently unavailable)
rPois   +          Reflect  .   (no amulet)
rElec   .          Harm     .   (no ring)
rCorr   .          Rampage  .   (no ring)
Will    .....      Rage     1%  (no ring)
Stlth   ++........ NoTele   +   (no ring)
HPRegen 0.13/turn               (no ring)
MPRegen 0.11/turn               (no ring)
                                (no ring)
                                (no ring)

@: mighty, lethally poisoned (0 -> -3), tree-form
A: stationary, stasis, torment immunity, boosted hp, almost no armour,
(amphibious), 8 rings, (camouflage 1), (gelatinous body 1), (nimble swimmer 1),
(tentacles), berserk 1, evolution 1
a: no special abilities


You were on level 4 of the Dungeon.
You were a tree.
You visited 1 branch of the dungeon, and saw 4 of its levels.

You collected 42 gold pieces.

Inventory:

Hand Weapons
 a - a +0 hand axe (weapon)
   (You took it off an orc on level 3 of the Dungeon)
 b - a +0 mace
   (You found it on level 1 of the Dungeon)
 c - a +0 short sword
   (You found it on level 2 of the Dungeon)
 f - a +0 trident
   (You took it off an orc on level 3 of the Dungeon)
Missiles
 i - 5 poisoned darts
 s - 30 stones
Scrolls
 Y - a scroll of teleportation {@r3}
Potions
 B - a potion of brilliance
 M - a potion of magic


   Skills:
 + Level 1.0 Axes
 - Level 2.0 Dodging
 - Level 2.6 Stealth
 - Level 3.1 Spellcasting
 - Level 1.9 Transmutations
 * Level 1.5 Ice Magic
 - Level 4.2 Poison Magic


You had 5 spell levels left.
You knew the following spells:

 Your Spells              Type           Power      Damage    Failure   Level
a - Sting                 Tmut/Pois      56%        1d5       4%          1
A - Ozocubu's Armour      Ice            8%         N/A       24%         3

Your spell library contained the following spells:

 Spells                   Type           Power      Damage    Failure   Level
 Poisonous Vapours        Pois/Air       22%        N/A       10%         2
 Mephitic Cloud           Conj/Pois/Air  8%         N/A       26%         3
 Olgreb's Toxic Radiance  Pois           19%        N/A       26%         4
 Ozocubu's Refrigeration  Ice            4%         4d5       100%        7


Dungeon Overview and Level Annotations

Branches:
Dungeon (4/15)
 Temple: D:4-7

Altars:


Innate Abilities, Weirdness & Mutations

You are a tree.
Your roots penetrate the ground, keeping you stationary.
You cannot be teleported.
You are immune to unholy pain and torment.
Your maximum health is greatly increased.
You cannot wear most types of armour.
((You are amphibious.))
You can wear up to eight rings at the same time.
((Your skin changes colour to match your surroundings (Stealth+).))
((Your rubbery body absorbs attacks. (AC +1, EV +1)))
((You are camouflaged when in or above water. (Stealth+)))
((You have tentacles for arms and can constrict up to eight enemies at once.))
You tend to lose your temper in combat.
You have hidden genetic potential.


Message History

No target in view!
No target in view!
An orc comes into view.
It is wielding a +1 dagger of electrocution.
No target in view!
No target in view!
An orc wizard and 2 orcs come into view.
An orc is wielding a +3 short sword and quivering poisoned darts.
The sting hits the orc.
The orc is poisoned.
The orc shouts! x2; You hear a shout!
The orc throws a stone.
The stone barely misses you.
You now have 4/8 mp.
You feel a bit more experienced.
Aim: an orc wizard, wielding a +0 dagger and wearing a +0 robe (64% to hit)
The sting hits the orc wizard but does no damage.
The orc wizard is poisoned.
You now have 4/8 mp.
Aim: an orc wizard, wielding a +0 dagger and wearing a +0 robe (poisoned, 64% to hit)
The sting hits the orc wizard.
The orc wizard looks even sicker.
You now have 3/8 mp.
You barely miss the orc wizard. You grab the orc wizard.
You constrict the orc wizard, but do no damage.
The orc wizard closely misses you.
The orc wizard hits you with a +0 dagger.
You take 2 damage, and have 22/27 hp.
You hit the orc wizard but do no damage.
You constrict the orc wizard.
The orc wizard hits you with a +0 dagger.
A hobgoblin comes into view.
You take 2 damage, and have 20/27 hp.
You hit the orc wizard.
You constrict the orc wizard, but do no damage.
The orc wizard mumbles some strange words.
The orc wizard flickers and vanishes!
Deactivating autopickup; reactivate with Ctrl-A.
The orc throws a boomerang.
You hit something but do no damage. You constrict something.
Something hits you.
The orc throws a boomerang.
You take 2 damage, and have 18/27 hp.
You hit something but do no damage. You constrict something.
Reactivating autopickup.
You feel a bit more experienced.
Your Ice Magic skill increases to level 1!
You closely miss the orc. Your grab misses the orc.
The orc hits you with a +1 dagger of electrocution. x2
You take 6 damage, and have 12/27 hp.
MASSIVE DAMAGE!!
You closely miss the orc. You grab the orc.
You constrict the orc, but do no damage.
The orc hits you with a +1 dagger of electrocution.
You take 3 damage, and have 9/27 hp.
You hit the orc.
You constrict the orc, but do no damage.
The orc hits you with a +1 dagger of electrocution.
* * * LOW HITPOINT WARNING * * *
You take 2 damage, and have 7/27 hp.
You hit the orc but do no damage. You squeeze the orc, but do no damage.
You constrict the orc. The orc barely misses you. x2
You hit the orc. You tentacle-slap the orc.
You kill the orc!
Your Axes skill increases to level 1!
You hit the hobgoblin. Your grab misses the hobgoblin.
Your squeeze misses the hobgoblin. The hobgoblin barely misses you.
You closely miss the hobgoblin. Your grab misses the hobgoblin.
Your squeeze misses the hobgoblin. The hobgoblin closely misses you.
You closely miss the hobgoblin. You grab the hobgoblin.
You tentacle-slap the hobgoblin.
You constrict the hobgoblin, but do no damage.
The hobgoblin hits you.
* * * LOW HITPOINT WARNING * * *
The hobgoblin barely misses you.
You take 1 damage, and have 6/27 hp.
You hit the hobgoblin.
You kill the hobgoblin!
The orc throws a poisoned dart.
The poisoned dart hits you!
You are lethally poisoned!
Aim: an orc, wielding a +3 short sword, wearing a +0 ring mail and quivering poisoned darts (75% to hit)
The sting hits the orc.
The orc is poisoned.
* * * LOW HITPOINT WARNING * * *
You feel very sick.
You take 3 damage, and have 3/27 hp.
You now have 4/8 mp.
It was a potion of mutation.
You feel extremely strange.
You feel a little pissed off.
You feel a hidden potential growing inside you.
* * * LOW HITPOINT WARNING * * *
You feel sick.
You kill the orc!
Unknown command.
It was a potion of lignification.
You turn into a tree.
Your roots penetrate the ground.
* * * LOW HITPOINT WARNING * * *
You feel sick.
You now have 2/40 hp.
It was a potion of might.
You feel very mighty all of a sudden.
* * * LOW HITPOINT WARNING * * *
You feel sick.
You take 1 damage, and have 1/40 hp.
There is a lethal amount of poison in your body!
Unknown command.
You die...

#.# #.# #.>..#
#..... ###$#...
..#.#..# #o#.#..#
#o#♣#..# #o#)#..#
###.#.#..####
###........<..#
.....o.).......#
.###.###.#..###..#
#?..##.#..# .#
...........# ..
###...##....†.......


There were no monsters in sight!

Vanquished Creatures
  An orc wizard (D:4)
  3 adders
  8 orcs
  6 endoplasms
  2 giant cockroaches
  3 goblins
  5 hobgoblins
  2 jackals (D:2)
  A quokka (D:4)
  3 ball pythons (D:1)
  3 bats
  A frilled lizard (D:1)
  2 kobolds (D:2)
  9 rats
49 creatures vanquished.

Notes
Turn   | Place    | Note
-------+----------+-------------------------------------------
     0 | D:1      | sokol815 the Octopode Venom Mage began the quest for the
                  | Orb.
     0 | D:1      | Reached XP level 1. HP: 11/11 MP: 3/3
   275 | D:1      | Found a faded altar of an unknown god.
   369 | D:1      | Reached XP level 2. HP: 17/17 MP: 3/5
   396 | D:1      | Reached skill level 4 in Poison Magic
  1346 | D:2      | Reached XP level 3. HP: 21/21 MP: 4/6
  1675 | D:2      | HP: 5/21 [poisoned by an adder]
  2141 | D:2      | Reached skill level 3 in Spellcasting
  2246 | D:3      | Reached XP level 4. HP: 27/27 MP: 5/8
  2257 | D:3      | Learned a level 3 spell: Ozocubu's Armour
  2335 | D:3      | Noticed an ogre
  2583 | D:4      | Reached skill level 1 in Ice Magic
  2588 | D:4      | Reached skill level 1 in Axes
  2590 | D:4      | HP: 6/27 [hobgoblin (1)]
  2593 | D:4      | Gained mutation: You tend to lose your temper in combat.
                  | [potion of mutation]
  2593 | D:4      | Gained mutation: You have hidden genetic potential. [potion
                  | of mutation]
  2594 | D:4      | HP: 2/40 [poisoned by an orc]
  2596 | D:4      | Succumbed to an orc's poison

Illustrated notes

Levels and vault maps discovered:
D:1:      amcnicky_arrival_single_pillar, layout_rooms,
          dreamdust_ecumenical_altar_statues
D:2:      layout_rooms, minmay_misc_feat_cross
D:3:      layout_rooms, minmay_fractal_squares_5
D:4:      layout_loops_ring, minmay_temple_entry_nine_rooms, fountainhead,
          nrook_mini_vaults, lemuel_flame_loot_1

Skill      XL: |  1  2  3  4 |
---------------+-------------+-----
Poison Magic   | 4 |  4.2
Spellcasting   | 3 |  3.1
Ice Magic      | 1 |  1.5
Axes           | 1 |  1.0
Dodging        | |  2.0
Stealth        | |  2.6
Transmutations | |  1.9

Action                   |  1- 3 |  4- 6 || total
-------------------------+-------+-------++-------
Melee: Unarmed           |     4 |       ||     4
       Mace              |    43 |     2 ||    45
       Constrict         |    10 |     5 ||    15
       Tentacles         |     6 |     2 ||     8
       Hand axe          |       |    21 ||    21
       Punch             |       |     2 ||     2
Throw: Stone             |     1 |       ||     1
 Cast: Sting             |    45 |    15 ||    60
  Use: Scroll            |     5 |       ||     5
       Potion            |       |     3 ||     3
Armor: Skin              |     3 |       ||     3
Dodge: Dodged            |    28 |    14 ||    42

Table legend: (Time is in decaauts)
 A = Elapsed time spent in this place.
 B = Non-inter-level travel time spent in this place.
 C = Inter-level travel time spent in this place.
 D = Time resting spent in this place.
 E = Time spent auto-exploring this place.
 F = Levels seen in this place.
 G = Mean time per level.
                   A        B        C        D        E       F      G
               +--------+--------+--------+--------+--------+-----+--------+
         Total |   2619 |   2562 |     57 |   1221 |    952 |   4 |  654.8 |
       Dungeon |   2619 |   2562 |     57 |   1221 |    952 |   4 |  654.8 |
               +--------+--------+--------+--------+--------+-----+--------+

Top non-repeatable levels by time:
     D:2: 1220 daAuts
     D:1: 1036 daAuts
     D:4: 252 daAuts
     D:3: 111 daAuts

Table legend:
 A = Kills in this place as a percentage of kills in entire the game.
 B = Kills by you in this place as a percentage of kills by you in the entire game.
 C = Kills by friends in this place as a percentage of kills by friends in the entire game.
 D = Other kills in this place as a percentage of other kills in the entire game.
 E = Experience gained in this place as a percentage of experience gained in the entire game.
 F = Experience gained in this place divided by the number of levels of this place that you have seen.
                   A       B       C       D       E      F
               +-------+-------+-------+-------+-------+----------------------
         Total | 100.0 | 100.0 |   N/A |   N/A | 100.0 |  37.8
       Dungeon | 100.0 | 100.0 |   N/A |   N/A | 100.0 |  37.8
               +-------+-------+-------+-------+-------+----------------------
